 Dungeon Crawl Stone Soup version 0.30-a0-4-ga7cffc901d (webtiles) character file.

Game seed: 9212617949121564396

28 KleinerIrrer the Sneak (level 3, -5/26 HPs)
             Began as an Octopode Delver on Aug 21, 2022.
             Slain by a kobold brigand
             ... wielding a +0 short sword
              (9 damage)
             ... in a sewer.
             The game lasted 00:01:22 (267 turns).

KleinerIrrer the Sneak (Octopode Delver)             Turns: 267, Time: 00:01:22

Health: -5/26      AC:  1    Str: 11    XL:     3   Next: 12%
Magic:  3/3        EV: 13    Int: 14    God:
Gold:   0          SH:  0    Dex: 13    Spells: 2/2 levels left

rFire   . . .      SeeInvis .      - Unarmed
rCold   . . .      Faith    .    (no shield)
rNeg    . . .      Spirit   .    (helmet restricted)
rPois   .          Reflect  .    (no amulet)
rElec   .          Harm     .    (no ring)
rCorr   .          Rampage  .    (no ring)
Will    .....                    (no ring)
Stlth   ++++......               (no ring)
HPRegen 0.08/turn                (no ring)
MPRegen 0.08/turn                (no ring)
                                 (no ring)
                                 (no ring)

@: hasted, very quick
A: almost no armour, amphibious, 8 rings, camouflage 1, gelatinous body 1,
(nimble swimmer 1), tentacles
a: no special abilities


You were in a sewer.
You visited 1 branch of the dungeon, and saw 1 of its levels.
You also visited: Sewer.

Inventory:

Wands
 e - a wand of digging (3)
Scrolls
 a - a scroll of fog
 b - a scroll of magic mapping
 c - a scroll of fear
Potions
 f - a potion of magic {unknown}


   Skills:
 - Level 3.0 Fighting
 - Level 2.0 Dodging
 - Level 6.6 Stealth
 + Level 3.5 Unarmed Combat


You had 2 spell levels left.
You didn't know any spells.
Your spell library was empty.

Dungeon Overview and Level Annotations

Branches:
Dungeon (5/15)              Sewer (1/1)
 Temple: D:4-7

Altars:


Innate Abilities, Weirdness & Mutations

You cannot wear most types of armour.
You are amphibious.
You can wear up to eight rings at the same time.
Your skin changes colour to match your surroundings (Stealth+).
Your rubbery body absorbs attacks. (AC +1, EV +1)
((You are camouflaged when in or above water. (Stealth+)))
You have tentacles for arms and can constrict up to eight enemies at once.


Message History

The jackal closely misses you.
The kobold brigand throws a poisoned dart.
The poisoned dart misses you.
You tentacle-slap the jackal.
The jackal is almost dead.
You constrict the jackal.
You kill the jackal!
The kobold brigand throws a poisoned dart.
The poisoned dart misses you.
Okay, then.
You feel yourself speed up.
You see here a ball python corpse.
You tentacle-slap the kobold brigand but do no damage.
You grab the kobold brigand.
You squeeze the kobold brigand, but do no damage.
You constrict the kobold brigand, but do no damage.
You tentacle-slap the kobold brigand.
The kobold brigand is lightly wounded.
You constrict the kobold brigand.
The kobold brigand hits you with a +0 short sword!
You tentacle-slap the kobold brigand but do no damage.
You squeeze the kobold brigand!
The kobold brigand is moderately wounded.
You constrict the kobold brigand, but do no damage.
You tentacle-slap the kobold brigand.
The kobold brigand is heavily wounded.
You constrict the kobold brigand.
The kobold brigand hits you with a +0 short sword!
* * * LOW HITPOINT WARNING * * *
You tentacle-slap the kobold brigand. Your squeeze misses the kobold brigand.
The kobold brigand is heavily wounded.
You constrict the kobold brigand. The kobold brigand barely misses you.
You tentacle-slap the kobold brigand but do no damage.
The kobold brigand is severely wounded.
You constrict the kobold brigand. You tentacle-slap the kobold brigand.
The kobold brigand is severely wounded.
You constrict the kobold brigand.
The kobold brigand hits you with a +0 short sword!
You die...

######## #### #
####...P..###PP.#.##
###≈≈...P...##~..P..~.
#≈≈≈≈..P†.~.~.@K~..#
#≈≈≈...#~#..~~...~P#
##≈≈≈.∩.#~#....~~.~~#
#≈≈≈≈.∩.#~#....######
#≈≈≈....#~##.~~~~~~~#
######P.#~###..######
#~~~~~..#~# ##)†~~..#
######.##~# #.~..~.#
#≈≈≈P..##~# #..~~.##


You could see a kobold brigand.

Vanquished Creatures
  An adder (Sewer)
  A worm (D:5)
  A giant cockroach (D:5)
  2 jackals (Sewer)
  A kobold (Sewer)
  A quokka (D:5)
  4 ball pythons (Sewer)
  2 frilled lizards (Sewer)
  3 rats
16 creatures vanquished.

Vanquished Creatures (others)
  8 plants (Sewer)
8 creatures vanquished.

Grand Total: 24 creatures vanquished

Notes
Turn   | Place    | Note
-------+----------+-------------------------------------------
     0 | D:5      | KleinerIrrer the Octopode Delver began the quest for the
                  | Orb.
     0 | D:5      | Reached XP level 1. HP: 16/16 MP: 1/1
    50 | D:5      | Found a glowing drain.
    52 | D:5      | Reached XP level 2. HP: 17/21 MP: 2/2
    57 | Sewer    | Entered a sewer
   153 | Sewer    | Reached XP level 3. HP: 20/26 MP: 3/3
   254 | Sewer    | Noticed a kobold brigand
   267 | Sewer    | Slain by a kobold brigand

Illustrated notes

Levels and vault maps discovered:
D:5:      layout_basic, gup_sewer_entry_bubbles, serial_park_tiny_1
Sewer:    sewer_co_scattered_pipes

Skill      XL: |  1  2 |
---------------+-------+-----
Unarmed Combat | 3 |  3.5
Fighting       | |  3.0
Dodging        | |  2.0
Stealth        | |  6.6

Action                   || total
-------------------------++-------
Melee: Unarmed           ||    44
       Constrict         ||    11
       Tentacles         ||     6
       Punch             ||     2
  Use: Potion            ||     1
 Stab: Sleeping          ||     4
Armor: Skin              ||     1
Dodge: Dodged            ||    24

Table legend: (Time is in decaauts)
 A = Elapsed time spent in this place.
 B = Non-inter-level travel time spent in this place.
 C = Inter-level travel time spent in this place.
 D = Time resting spent in this place.
 E = Time spent auto-exploring this place.
 F = Levels seen in this place.
 G = Mean time per level.
                   A        B        C        D        E       F      G
               +--------+--------+--------+--------+--------+-----+--------+
         Total |    261 |    261 |      0 |    127 |     12 |   2 |  130.5 |
       Dungeon |     56 |     56 |      0 |      0 |      0 |   1 |   56.0 |
         Sewer |    205 |    205 |      0 |    127 |     12 |   1 |  205.0 |
               +--------+--------+--------+--------+--------+-----+--------+

Top non-repeatable levels by time:
   Sewer: 205 daAuts
     D:5: 56 daAuts
